 Dungeon Crawl Stone Soup version 0.20.0 (webtiles) character file.

4367 AlphabetPasta the Carver (level 10, 0/92 HPs)
             Began as a Naga Monk on May 29, 2017.
             Was an Elder of Cheibriados.
             Killed by divine providence
             ... invoked by an orc priest
              (15 damage)
             ... on level 8 of the Dungeon.
             The game lasted 00:57:42 (10635 turns).

AlphabetPasta the Carver (Naga Monk)               Turns: 10635, Time: 00:57:42

Health: 0/92       AC: 13    Str: 24    XL:     10   Next: 34%
Magic:  13/13      EV: 15    Int: 20    God:    Cheibriados [****..]
Gold:   255        SH:  0    Dex: 24    Spells: 9/9 levels left

rFire    . . .     SeeInvis +   w - +0 long sword
rCold    + . .     Gourm    .   (no shield)
rNeg     . . .     Faith    .   K - +3 ring mail
rPois    +         Spirit   .   (no helmet)
rElec    .         Reflect  .   v - +1 cloak
rCorr    .         Harm     .   (no gloves)
MR       +....                  (no barding)
Stlth    ++........             (no amulet)
Regen    0.3/turn               x - ring of protection from cold
MPRegen  0.2/turn               C - +1 ring of protection

@: very slow
A: see invisible, deformed body, poison resistance, slowness 2, slow metabolism
1, spit poison 1, AC +3
a: Spit Poison, Bend Time, Temporal Distortion, Slouch, Renounce Religion


You were on level 8 of the Dungeon.
You worshipped Cheibriados.
Cheibriados was greatly pleased with you.
You were not hungry.

You visited 2 branches of the dungeon, and saw 10 of its levels.
You also visited: Ossuary and Bailey.

You collected 410 gold pieces.
You spent 155 gold pieces at shops.

Inventory:

Hand Weapons
 a - a +1 falchion
 w - a +0 long sword (weapon)
Missiles
 m - 5 tomahawks (quivered)
 p - 68 bolts
Armour
 j - a +0 chain mail
 q - a +0 ring mail
 v - a +1 cloak (worn)
 K - a +3 ring mail (worn)
Jewellery
 x - a ring of protection from cold (left hand)
 C - a +1 ring of protection (right hand)
 G - a +4 amulet of reflection
Wands
 l - a wand of polymorph (13/24)
 s - a wand of disintegration (0/24)
 y - a wand of lightning (0/15)
Scrolls
 e - 5 scrolls of remove curse
 r - 6 scrolls of teleportation
 u - 3 scrolls of fear
 B - 2 scrolls of blinking
 E - a scroll of identify
 F - 2 scrolls of enchant weapon
 H - a scroll of recharging
 I - a scroll of fog
 L - a scroll of summoning
Potions
 d - 2 potions of curing
 g - a potion of brilliance
 h - a potion of resistance
 i - a potion of flight
 n - a potion of cancellation {unknown}
 t - 2 potions of haste {unknown}
 z - a potion of might {unknown}
 D - 2 potions of agility
 J - a potion of heal wounds
Books
 A - a book of Maledictions

   Spells                             Type                      Level
   a - Corona                         Hexes                        1
   b - Ensorcelled Hibernation        Hexes/Ice                    2
   c - Confuse                        Hexes                        3
   d - Tukima's Dance                 Hexes                        3
   e - Dazzling Spray                 Conjuration/Hexes            3
Comestibles
 b - 10 royal jellies
 c - 9 bread rations
 f - 2 fruits
 k - a meat ration


   Skills:
 + Level 6.4 Fighting
 * Level 8.5 Long Blades
 + Level 4.4 Armour
 * Level 7.1 Dodging
 - Level 3.0 Stealth
 + Level 3.1 Invocations
 - Level 4.3 Evocations


You had 9 spell levels left.
You didn't know any spells.

Dungeon Overview and Level Annotations

Branches:
Dungeon (9/15)             Temple (1/1) D:6            Lair (0/6) D:9
    Orc: D:9-12

Altars:
Ashenzari
Cheibriados
Dithmenos
Elyvilon
Fedhas
Gozag
Hepliaklqana
Kikubaaqudgha
Makhleb
Nemelex Xobeh
Okawaru
Qazlal
Ru
Sif Muna
Trog
Uskayaw
Vehumet
Xom
Yredelemnul
Zin
The Shining One

Shops:
D:8 ?

Annotations:
D:4 Raine357's ghost, amateur GrNe
D:6 exclusion: centaur


Innate Abilities, Weirdness & Mutations

You cannot wear boots.
Your serpentine skin is tough. (AC +3)
You have supernaturally acute eyesight. (SInv)
Armour fits poorly on your strangely shaped body.
Your system is resistant to poisons. (rPois)
You cover ground very slowly.
You have a slow metabolism.
You can spit poison.


Message History

The orc priest shouts!
You feel slightly more hungry.
The orc priest invokes the aid of Beogh against you.
Beogh smites you!
* * * LOW HITPOINT WARNING * * *
The orc priest calls upon Beogh to heal something.
You slash the orc priest!
The orc priest is almost dead.
You have got your breath back.
The orc priest invokes the aid of Beogh against you.
Beogh smites you!
* * * LOW HITPOINT WARNING * * *
You closely miss the orc priest.
The orc priest is almost dead.
The orc priest hits you but does no damage.
You closely miss the orc priest.
The orc priest is almost dead.
The orc priest invokes the aid of Beogh against you.
Beogh smites you!
You die...

...#..............[.....#....#...
...#....................#...###..
...#.......#._8_........###'###'#
...#.......#............#........
...#.......#............#........
...#.......#...#..).....#........
##.#.......###+#........#'#####'#
##.###.........oo#####...........
'....'..........@#...#...........
#....#.........†>#...#...........
#....#...........#...'...........
####.............#.###...........
......)..###'#####.##############
.....)∩).'....#..................
.........#....'..................
.........#....#..................
.........##...##..###....####....


You could see 2 orc priests.

Vanquished Creatures
  An unseen horror (D:9)
  Prince Ribbit (D:6)
  2 hippogriffs
  Sigmund (D:6)
  A basilisk (D:8)
  An ice beast (D:6)
  A porcupine (D:9)
  A hornet zombie (D:8)
  4 orc warriors
  2 phantoms (D:7)
  An ogre (D:8)
  A centaur (D:5)
  2 bullfrogs
  3 scorpions
  6 killer bees (D:7)
  2 howler monkeys
  A crimson imp (D:5)
  A bullfrog zombie (D:6)
  3 bullfrog skeletons
  6 hounds
  4 jellies (D:8)
  3 orc priests
  7 orc wizards
  Crazy Yiuf (D:6)
  A centaur skeleton (D:7)
  6 worker ants
  A hound zombie (D:8)
  3 mummies (Ossuary)
  2 hound skeletons
  A worker ant zombie (D:7)
  4 gnolls (D:7)
  15 adders
  2 shadow imps
  5 oozes (D:8)
  An adder zombie (D:7)
  2 adder skeletons (D:6)
  3 worms
  A dart slug (D:1)
  5 leopard geckos
  27 orcs
  8 bats
  2 giant cockroaches (D:1)
  A gnoll zombie (Ossuary)
  8 goblins
  6 hobgoblins
  3 jackals (D:8)
  7 quokkas
  A ball python (D:2)
  A frilled lizard (D:3)
  A goblin zombie (Ossuary)
  2 hobgoblin zombies (Ossuary)
  8 kobolds
  3 kobold zombies (Ossuary)
  2 quokka skeletons
  5 rats
193 creatures vanquished.

Vanquished Creatures (others)
  A fungus (D:9)
  2 plants (D:9)
3 creatures vanquished.

Grand Total: 196 creatures vanquished

Notes
Turn   | Place    | Note
-------+----------+-------------------------------------------
     0 | D:1      | AlphabetPasta the Naga Monk began the quest for the Orb.
     0 | D:1      | Reached XP level 1. HP: 21/21 MP: 1/1
    43 | D:1      | Reached XP level 2. HP: 28/28 MP: 2/2
   325 | D:1      | Reached XP level 3. HP: 19/34 MP: 3/3
   661 | D:2      | Found a sacrificial altar of Ru.
   996 | D:2      | Found a faded altar of an unknown god.
  1045 | D:2      | Reached skill level 1 in Armour
  1079 | D:2      | Reached XP level 4. HP: 17/42 MP: 4/4
  1492 | D:2      | Found a burning altar of Makhleb.
  2156 | D:3      | Reached skill level 4 in Long Blades
  2204 | D:3      | Found a basalt altar of Yredelemnul.
  2369 | D:4      | Reached XP level 5. HP: 45/49 MP: 5/5
  2468 | D:4      | Reached skill level 1 in Evocations
  2844 | D:4      | Reached XP level 6. HP: 39/56 MP: 5/7
  3014 | D:4      | Found an opulent altar of Gozag.
  3094 | D:4      | Noticed Raine357's ghost (amateur GrNe)
  3312 | D:5      | Entered Level 5 of the Dungeon
  3389 | D:5      | Found a glowing silver altar of Zin.
  3649 | D:5      | Reached skill level 5 in Long Blades
  3649 | D:5      | Reached XP level 7. HP: 39/64 MP: 8/8
  4344 | D:6      | Noticed Sigmund
  4349 | D:6      | Killed Sigmund
  4382 | D:6      | Found a stormy altar of Qazlal.
  4383 | D:6      | Noticed a two-headed ogre
  4394 | D:6      | HP: 2/66 [two-headed ogre/giant spiked club (29)]
  4397 | D:6      | Noticed Prince Ribbit
  4534 | D:6      | Found a sand-covered staircase.
  4541 | Ossuary  | Entered an ossuary
  4541 | Ossuary  | Noticed a wraith
  4541 | Ossuary  | Noticed a wraith
  4541 | Ossuary  | Noticed a wraith
  4756 | Ossuary  | Noticed a wraith
  5572 | D:6      | Reached XP level 8. HP: 58/73 MP: 10/10
  5822 | D:6      | Found a staircase to the Ecumenical Temple.
  5831 | Temple   | Entered the Ecumenical Temple
  6399 | D:6      | Killed Prince Ribbit
  6399 | D:6      | Reached skill level 6 in Long Blades
  6399 | D:6      | Reached skill level 5 in Dodging
  6576 | D:6      | Found a runed door.
  6580 | D:6      | Noticed Crazy Yiuf
  6589 | D:6      | Killed Crazy Yiuf
  6838 | D:7      | Reached skill level 5 in Fighting
  6979 | D:7      | Found an iron altar of Okawaru.
  7777 | D:7      | Reached XP level 9. HP: 75/81 MP: 11/11
  8350 | D:7      | Reached skill level 7 in Long Blades
  8858 | D:8      | Found a snail-covered altar of Cheibriados.
  8860 | D:8      | Found a shadowy altar of Dithmenos.
  8866 | D:8      | Became a worshipper of Cheibriados the Contemplative
  8866 | D:8      | Reached * piety under Cheibriados
  8866 | D:8      | Reached ** piety under Cheibriados
  8953 | D:8      | Found a flagged portal.
  8968 | D:8      | Reached skill level 1 in Invocations
  8974 | Bailey   | Entered a bailey
  9424 | D:8      | Found Numnuul's Magic Scroll Shoppe.
  9482 | D:8      | Bought a scroll of identify for 20 gold pieces
  9482 | D:8      | Bought a scroll of identify for 20 gold pieces
  9482 | D:8      | Bought a scroll of summoning for 95 gold pieces
  9482 | D:8      | Bought a scroll of identify for 20 gold pieces
  9749 | D:8      | Reached *** piety under Cheibriados
  9934 | D:8      | Reached skill level 8 in Long Blades
  9977 | D:8      | Reached XP level 10. HP: 91/91 MP: 13/13
 10505 | D:9      | Found a staircase to the Lair.
 10517 | D:9      | Noticed an unseen horror
 10528 | D:9      | Killed an unseen horror
 10562 | D:8      | Reached **** piety under Cheibriados
 10635 | D:8      | Killed from afar by an orc priest

Skill      XL: |  1  2  3  4  5  6  7  8  9 10 |
---------------+-------------------------------+-----
Armour         | 1 2 3 4 |  4.4
Dodging        | 3 4 5 6 7 |  7.1
Long Blades    | 4 5 6 8 |  8.5
Evocations     | 1 2 3 4 |  4.3
Fighting       | 4 5 6 |  6.4
Invocations    | 2 3 |  3.1
Stealth        | |  3.0

Action                   |  1- 3 |  4- 6 |  7- 9 | 10-12 || total
-------------------------+-------+-------+-------+-------++-------
Melee: Falchion          |    31 |   109 |   245 |       ||   385
       Long sword        |       |       |   214 |    86 ||   300
Throw: Tomahawk          |       |       |     9 |       ||     9
 Abil: Spit Poison       |    41 |    37 |    94 |    14 ||   186
Evoke: Wand              |       |     3 |    10 |       ||    13
  Use: Scroll            |     6 |     8 |    11 |       ||    25
       Potion            |       |       |     7 |       ||     7
 Stab: Sleeping          |     1 |     1 |     1 |       ||     3
       Paralysed         |     1 |       |       |       ||     1
       Petrified         |       |       |       |     2 ||     2
  Eat: Chunk             |     2 |     7 |    14 |     3 ||    26
       Fruit             |       |     1 |     5 |       ||     6
       Royal jelly       |       |     1 |     1 |       ||     2
Armor: Robe              |     4 |       |       |       ||     4
       Ring mail         |       |    37 |   162 |    31 ||   230
Dodge: Dodged            |    15 |    67 |   309 |    50 ||   441
       Rpst.: Falchion   |     6 |    25 |    43 |       ||    74
       Long sword        |       |       |    61 |    20 ||    81
